 Dungeon Crawl Stone Soup version 0.30-a0-359-gd0147acb1a (webtiles) character file.

Game seed: 4148603186311177783

179524 koil the Summoner (level 17, -1/128 HPs)
             Began as a Vampire Enchanter on Nov 11, 2022.
             Was the Champion of Makhleb.
             Succumbed to a nagaraja's poison arrow
             ... on level 3 of the Snake Pit on Nov 12, 2022.
             The game lasted 06:47:41 (44723 turns).

koil the Summoner (Vampire Enchanter)              Turns: 44723, Time: 06:47:45

Health: -1/128     AC: 16    Str: 12    XL:     17   Next: 61%
Magic:  4/32       EV: 19    Int: 31    God:    Makhleb [******]
Gold:   883        SH: 11    Dex: 19    Spells: 0/38 levels left

rFire   + + .      SeeInvis +    b - +9 long sword of Duty {drain, Str+2 Int+2 Dex+4}
rCold   + . .      Faith    .    N - +1 kite shield {reflect}
rNeg    . . .      Spirit   .    J - +3 leather armour {rF+}
rPois   +          Reflect  +    C - +2 hat "Biraib" {Regen+}
rElec   +          Harm     .    x - +0 cloak
rCorr   +          Rampage  .    w - +2 pair of gloves of the Hurricane {rF+ rC- Regen+ Str+3}
Will    +....      NoTele   +    M - +2 pair of boots
Stlth   ++++......               m - amulet of Zuics {Acrobat rPois rF- rC+++ Int+4}
HPRegen 2.21/turn                V - ring "Cubinyud" {rElec rCorr EV+4 Slay+3}
MPRegen 0.23/turn                B - ring of fire

@: lethally poisoned (-1 -> -8), untranslocatable, very slightly contaminated,
healing quickly, studying Evocations
A: alive, fangs 3, see invisible, vampiric 2, deformed body
a: Exsanguinate, Renounce Religion, Minor Destruction, Lesser Servant of
Makhleb, Major Destruction, Greater Servant of Makhleb


You were on level 3 of the Snake Pit.
You worshipped Makhleb.
Makhleb was exalted by your worship.
You visited 5 branches of the dungeon, and saw 27 of its levels.
You also visited: Sewer and Gauntlet.

You collected 3006 gold pieces.
You spent 2123 gold pieces at shops.

Inventory:

Hand Weapons
 a - the +7 Spriggan's Knife {stab, EV+4 Stlth+}
   (You took it off a minotaur in a Gauntlet)

   It is more effective when stabbing unaware enemies, sometimes treating them
   as though they were completely helpless.
   EV:        It affects your evasion (+4).
   Stlth:     It makes you more stealthy.
 b - the +9 long sword of Duty (weapon) {drain, Str+2 Int+2 Dex+4}
   (You bought it in a shop on level 1 of the Dungeon)

   A truly terrible weapon, it drains the life of any living foe it strikes.
   Str:       It affects your strength (+2).
   Int:       It affects your intelligence (+2).
   Dex:       It affects your dexterity (+4).
Missiles
 h - 45 poisoned darts
 t - 10 silver javelins {!f}
Armour
 s - the +2 helmet of Lucidity {rN+}
   (You took it off Robin on level 2 of the Dungeon)

   rN:        It protects you from negative energy.
 w - the +2 pair of gloves of the Hurricane (worn) {rF+ rC- Regen+ Str+3}
   (You acquired it on level 11 of the Dungeon)

   Str:       It affects your strength (+3).
   rF:        It protects you from fire.
   rC:        It makes you vulnerable to cold.
   Regen:     It increases your rate of health regeneration.
 x - a +0 cloak (worn)
 C - the +2 hat "Biraib" (worn) {Regen+}
   (You acquired it in the Ecumenical Temple)

   Regen:     It increases your rate of health regeneration.
 J - a +3 leather armour of fire resistance (worn)
 M - a +2 pair of boots (worn)
 N - a +1 kite shield of reflection (worn)
 P - a +0 troll leather armour
 W - a +0 buckler of positive energy
Jewellery
 m - the amulet of Zuics (around neck) {Acrobat rPois rF- rC+++ Int+4}
   (You found it on level 10 of the Dungeon)

   [amulet of the acrobat]

   It increases your evasion while moving and waiting.
   Int:       It affects your intelligence (+4).
   rF:        It makes you vulnerable to fire.
   rC:        It renders you almost immune to cold.
   rPois:     It protects you from poison.
 B - a ring of fire (right hand)
 L - a ring of flight
 V - the ring "Cubinyud" (left hand) {rElec rCorr EV+4 Slay+3}
   (You found it in a Gauntlet)

   [ring of evasion]

   EV:        It affects your evasion (+4).
   Slay:      It affects your accuracy & damage with ranged weapons and melee
   (+3).
   rElec:     It insulates you from electricity.
   rCorr:     It protects you from acid and corrosion.
 X - a ring of fire
Wands
 l - a wand of roots (35)
 r - a wand of digging (4)
 H - a wand of flame (40)
 K - a wand of charming (19)
Scrolls
 i - 7 scrolls of teleportation
 j - 5 scrolls of vulnerability
 k - 2 scrolls of butterflies
 p - 4 scrolls of immolation
 u - 2 scrolls of fear
 y - 3 scrolls of poison
 D - 6 scrolls of blinking
 O - 5 scrolls of magic mapping
 S - a scroll of silence
 U - a scroll of summoning
Potions
 c - 7 potions of invisibility
 d - 3 potions of haste
 e - 21 potions of curing
 f - 7 potions of flight
 g - 5 potions of lignification
 o - 4 potions of cancellation
 q - 3 potions of might
 v - a potion of heal wounds
 z - 2 potions of resistance
 A - 2 potions of brilliance
 E - 2 potions of magic
 T - 3 potions of ambrosia
Miscellaneous
 F - a lightning rod (1/4)
 G - a box of beasts
 I - a tin of tremorstones (inert)
 Y - a phantom mirror


   Skills:
 + Level 10.1 Fighting
 - Level 10.0 Short Blades
 - Level 10.0 Armour
 - Level 8.1 Dodging
 - Level 8.0 Stealth
 - Level 5.0 Shields
 + Level 11.1 Spellcasting
 - Level 5.0 Conjurations
 - Level 13.0 Hexes
 + Level 14.1 Summonings
 - Level 5.0 Transmutations
 - Level 5.0 Fire Magic
 - Level 5.0 Ice Magic
 - Level 5.0 Air Magic
 - Level 4.0 Poison Magic
 - Level 4.0 Invocations
 - Level 10.0 Evocations


You couldn't memorise any spells.
You knew the following spells:

 Your Spells              Type           Power      Damage    Failure   Level
a - Ensorcelled Hibernat  Hex/Ice        100%       N/A       1%          2
b - Confusing Touch       Hex            78%        N/A       1%          3
c - Swiftness             Air            48%        N/A       4%          3
d - Summon Ice Beast      Ice/Summ       66%        N/A       1%          4
e - Spider Form           Tmut/Pois      45%        N/A       4%          3
f - Olgreb's Toxic Radia  Pois           42%        N/A       21%         4
g - Summon Cactus Giant   Summ           40%        N/A       4%          6
h - Lightning Bolt        Conj/Air       24%        1d39      36%         5
i - Arcjolt               Conj/Air       24%        1d34      36%         5
j - Ignite Poison         Fire/Tmut/Pois 62%        N/A       4%          3

Your spell library contained the following spells:

 Spells                   Type           Power      Damage    Failure   Level
 Freeze                   Ice            100%       1d10      1%          1
 Slow                     Hex            100%       N/A       1%          1
 Sting                    Tmut/Pois      100%       1d8       1%          1
 Summon Small Mammal      Summ           100%       N/A       1%          1
 Scorch                   Fire           100%       2d10      1%          2
 Static Discharge         Conj/Air       96%        2-6/arc   1%          2
 Dazzling Flash           Conj/Hex       100%       N/A       1%          3
 Tukima's Dance           Hex            78%        N/A       1%          3
 Cause Fear               Hex            39%        N/A       1%          4
 Summon Lightning Spire   Summ/Air       66%        N/A       1%          4
 Summon Mana Viper        Hex/Summ       80%        N/A       1%          5
 Poisonous Vapours        Pois/Air       90%        N/A       2%          2
 Frozen Ramparts          Ice            96%        1d15      4%          3
 Hailstorm                Conj/Ice       48%        3d11      4%          3
 Ozocubu's Armour         Ice            48%        N/A       4%          3
 Passwall                 Tmut/Erth      26%        N/A       5%          2
 Anguish                  Hex/Necr       27%        N/A       7%          4
 Metabolic Englaciation   Hex/Ice        32%        N/A       7%          5
 Yara's Violent Unravell  Hex/Tmut       32%        3d13      7%          5
 Apportation              Tloc           34%        N/A       11%         1
 Necrotise                Necr           68%        1d7       11%         1
 Vhi's Electric Charge    Tloc/Air       64%        N/A       11%         3
 Airstrike                Air            24%        2d(4-20)  13%         4
 Flame Wave               Conj/Fire      64%        2d15      13%         4
 Ice Form                 Ice/Tmut       48%        N/A       13%         4
 Sticky Flame             Conj/Fire      64%        2d8       13%         4
 Monstrous Menagerie      Summ           40%        N/A       26%         7
 Gell's Gravitas          Tloc           17%        N/A       30%         3
 Lesser Beckoning         Tloc           34%        N/A       30%         3
 Teleport Other           Tloc           17%        N/A       30%         3
 Enfeeble                 Hex            39%        N/A       38%         7
 Alistair's Intoxication  Tmut/Pois      30%        N/A       41%         5
 Summon Horrible Things   Summ           40%        N/A       91%         8
 Simulacrum               Ice/Necr       16%        N/A       99%         6
 Ignition                 Fire           32%        3d10      100%        8


Dungeon Overview and Level Annotations

Branches:
Dungeon (15/15)            Temple (1/1) D:4            Lair (5/5) D:11
 Shoals (0/4) Lair:3        Snake (4/4) Lair:3        Slime (0/5) Lair:5
    Orc (2/2) D:10            Elf (0/3) Orc:2        Vaults (0/5) D:14
 Depths (0/4) D:15          Sewer (visited)         Gauntlet (visited)

Altars:
Ashenzari
Cheibriados
Dithmenos
Fedhas
Gozag
Hepliaklqana
Kikubaaqudgha
Makhleb
Nemelex Xobeh
Okawaru
Qazlal
Ru
Sif Muna
Trog
Uskayaw
Vehumet
Wu Jian
Xom
Yredelemnul
Jiyva

Shops:
D:1 (   D:5 :   D:8 *   D:11 *   Orc:2 :*[(   Snake:4 =:

Annotations:
D:8 2 transporters, hikkokomori's ghost, novice DrCj
D:13 3 runed translucent doors, sirJeffrey23's ghost, journeyman FoFi
Lair:5 exclusion: obsidian statue
Snake:4 2 runed translucent doors, DeathPants's ghost, adept AtMo


Innate Abilities, Weirdness & Mutations

Your natural rate of healing is accelerated.
You have razor-sharp teeth.
You have supernaturally acute eyesight. (SInv)
You are afflicted with vampirism and can become a bat while bloodless.
Armour fits poorly on your strangely shaped body.


Message History

The bolt closely misses you.
You feel much better.
Your hands stop glowing.
You feel extremely sick.
The naga sharpshooter mumbles some strange words.
The naga sharpshooter magically shoots a bolt.
You reflect the bolt off your +1 kite shield of reflection!
The nagaraja closely misses you. The nagaraja grabs you.
The nagaraja constricts you.
* * * LOW HITPOINT WARNING * * *
You escape the nagaraja's grasp.
You feel extremely sick.
The naga sharpshooter shoots a bolt.
The bolt completely misses you.
The nagaraja points at you and mumbles some strange words.
The bolt of poison misses you.
You feel very sick.
The nagaraja gestures at you while chanting.
You feel firmly anchored in space.
The naga sharpshooter spits poison at you.
The splash of poison misses you.
You feel very sick.
The naga sharpshooter shoots a bolt.
You reflect the bolt off your +1 kite shield of reflection!
The bolt hits the naga sharpshooter!
There is a stone staircase leading up, spattered with blood here.
You feel very sick.
The nagaraja gestures at you while chanting.
The poison arrow hits you!
You are more poisoned.
You partially resist.
* * * LOW HITPOINT WARNING * * *
The naga sharpshooter shoots a bolt.
You reflect the bolt off your +1 kite shield of reflection!
The bolt hits the naga sharpshooter.
The nagaraja spits poison at you.
The splash of poison hits you but does no damage.
You resist.
You climb upwards.
You die...

##..........#.#.#...##....
#........##.##.##.#.##....
##...?....####....###......
#.........#####.#.###..##[.
#........###.###.#.##......
#.......##..###.....#....##
#......###)####..#.....###.
#....#.###)###.#.#.##..##.#
#....#..##@..###[##.#.....#
##...#..##<.###.....#......
##.###.####).##.#....#....
####.#.####(#####..##....
####.....#.#.#........
#.##.#.#.##.....####
###.#..[.##..).#...#
#..#...###........
##..#....##[...>..


There were no monsters in sight!

Vanquished Creatures
  Saint Roka (Orc:1)
  A quicksilver dragon (Snake:4)
  2 nagarajas
  Louise (D:14)
  2 orc warlords
  Nessos (D:14)
  2 dire elephants (Lair:5)
  A minotaur (Gauntlet)
  Snorg (D:14)
  6 salamander tyrants
  4 vault guards (D:14)
  9 anacondas
  6 hydras
  4 centaur warriors
  A catoblepas (Lair:1)
  19 naga warriors
  7 two-headed ogres
  A spectral dire elephant (Lair:5)
  2 boulder beetles
  A vampire mage (D:15)
  4 shock serpents
  11 naga sharpshooters
  7 tengu warriors
  14 death yaks
  4 orc high priests
  A fire crab (Lair:3)
  2 skeletal warriors (D:15)
  4 salamander mystics
  A spectral anaconda (Lair:5)
  3 naga ritualists
  3 deep elf pyromancers
  4 necromancers
  6 lindwurms
  A frost giant zombie (D:15)
  5 orc knights
  A wizard (D:11)
  6 mana vipers
  12 ugly things
  8 orc sorcerers
  18 salamanders
  A salamander (shapeshifter) (D:15)
  11 elephants (Lair:5)
  14 cyclopes
  7 manticores
  A frost giant skeleton (D:15)
  12 guardian serpents
  Maurice (D:11)
  32 black mambas
  A torpor snail (Lair:5)
  22 naga magi
  An unseen horror (D:11)
  An efreet (D:15)
  5 rime drakes
  12 cane toads
  11 komodo dragons
  3 tengu conjurers
  A freezing wraith (D:15)
  A yaktaur (shapeshifter) (D:12)
  5 trolls
  3 polar bears
  6 meliai
  Prince Ribbit (Lair:2)
  Grinder (D:6)
  20 blink frogs
  5 slime creatures (D:12)
  A spriggan zombie (D:15)
  A centaur simulacrum (D:15)
  6 wyverns
  3 shadows
  4 water elementals (D:13)
  4 wraiths
  59 yaks
  A hog (shapeshifter) (D:14)
  3 basilisks
  2 steam dragons (D:7)
  4 vampire mosquitoes
  6 wargs
  2 death yak simulacra (Lair:5)
  A spectral cane toad (Lair:5)
  40 nagas
  2 acid dragons
  Edmund (D:6)
  Menkaure (D:7)
  A glowing shapeshifter zombie (D:15)
  15 water moccasins
  An elephant zombie (Lair:5)
  A black bear (shapeshifter) (D:14)
  An ice beast (D:6)
  43 orc warriors
  2 black bears
  6 ogres
  12 wolves
  7 centaurs
  An elephant skeleton (Lair:5)
  4 kobold brigands
  17 bullfrogs
  A necrophage (D:4)
  6 scorpions
  3 gnoll sergeants
  A cane toad simulacrum (Lair:5)
  17 wights
  An elephant simulacrum (Lair:5)
  11 killer bees
  3 howler monkeys
  5 hounds
  A jelly (D:7)
  Crazy Yiuf (D:2)
  22 orc priests
  2 gnoll boudas
  Ijyb (D:4)
  Natasha (thrice) (D:2)
  3 iguanas
  29 orc wizards
  A boggart simulacrum (D:11)
  Robin (D:2)
  20 gnolls
  11 adders
  2 white imps
  3 ufetubi
  5 worms
  3 dart slugs
  78 orcs
  8 endoplasms
  12 giant cockroaches
  24 goblins
  6 hobgoblins
  6 jackals
  26 kobolds
  9 quokkas
  6 ball pythons
  2 ball python skeletons (D:2)
  9 bats
  16 frilled lizards
  4 rats
  A butterfly (Lair:2)
  14 demonic plants (Gauntlet)
  34 fungi
  36 plants
  38 withered plants
1102 creatures vanquished.

Notes
Turn   | Place    | Note
-------+----------+-------------------------------------------
     0 | D:1      | koil the Vampire Enchanter began the quest for the Orb.
     0 | D:1      | Reached XP level 1. HP: 13/13 MP: 3/3
   155 | D:1      | Reached XP level 2. HP: 16/20 MP: 5/5
   190 | D:1      | Learned a level 2 spell: Ensorcelled Hibernation
   309 | D:1      | Found Weimniot's Antique Weapon Boutique.
   553 | D:1      | HP: 2/20 [goblin/+0 club (3)]
   555 | D:1      | Gained mutation: You are afflicted with vampirism and can
                  | become a bat while bloodless. [Vampire growth]
   555 | D:1      | Reached XP level 3. HP: 4/25 MP: 3/6
   910 | D:2      | Noticed Natasha
   915 | D:2      | Killed Natasha
   916 | D:2      | Reached skill level 1 in Fighting
   916 | D:2      | Reached skill level 5 in Hexes
  1009 | D:2      | Identified the +2 helmet of Lucidity {rN+}
  1009 | D:2      | Noticed Robin
  1035 | D:2      | Reached XP level 4. HP: 29/32 MP: 3/7
  1055 | D:1      | HP: 6/32 [hobgoblin[Robin] (7)]
  1122 | D:2      | Noticed Natasha
  1137 | D:2      | HP: 3/32 [white imp/puff of frost[Natasha] (5)]
  1138 | D:2      | HP: 1/32 [white imp[Natasha] (2)]
  1139 | D:2      | Killed Natasha
  1140 | D:2      | Reached skill level 5 in Stealth
  1308 | D:2      | Learned a level 3 spell: Confusing Touch
  1312 | D:2      | Learned a level 3 spell: Swiftness
  1537 | D:2      | Noticed Natasha
  1584 | D:2      | Killed Natasha
  1585 | D:2      | Reached XP level 5. HP: 37/37 MP: 3/9
  1679 | D:2      | Found a runed translucent door.
  1680 | D:2      | Noticed Crazy Yiuf
  1778 | D:2      | Killed Robin
  1899 | D:2      | Killed Crazy Yiuf
  1909 | D:2      | Identified the +1 hammer of Fuh Meho {flame, Will+}
  2104 | D:3      | Found a hazy altar of Hepliaklqana.
  2261 | D:3      | Found a broken altar of Ashenzari.
  2574 | D:3      | Found an iron altar of Okawaru.
  2855 | D:4      | Reached XP level 6. HP: 40/44 MP: 6/10
  3035 | D:4      | Found a staircase to the Ecumenical Temple.
  3247 | D:4      | Reached XP level 7. HP: 34/49 MP: 8/12
  3473 | D:4      | Reached skill level 1 in Armour
  3510 | D:4      | Found a glowing drain.
  3532 | Sewer    | Entered a sewer
  3774 | Sewer    | Reached XP level 8. HP: 37/58 MP: 6/13
  4307 | D:4      | Noticed Ijyb
  4334 | D:4      | Killed Ijyb
  4461 | D:5      | Entered Level 5 of the Dungeon
  4492 | Temple   | Entered the Ecumenical Temple
  4517 | Temple   | Became a worshipper of Makhleb the Destroyer
  4629 | Temple   | Identified a scroll of acquirement
  4629 | Temple   | Acquired the +2 hat "Biraib" {Regen+}
  4930 | D:5      | Found Serenu's Vocational Training.
  5339 | D:5      | Found a shimmering altar of Xom.
  5541 | D:5      | Found an ornate altar of the Wu Jian Council.
  5803 | D:6      | Noticed Grinder
  5851 | D:7      | Reached skill level 5 in Dodging
  5918 | D:7      | Found a blossoming altar of Fedhas.
  5922 | D:7      | Found a stormy altar of Qazlal.
  5978 | D:6      | Found a snail-covered altar of Cheibriados.
  6028 | D:6      | Killed Grinder
  6046 | D:6      | Noticed Edmund
  6067 | D:6      | Killed Edmund
  6125 | D:6      | Reached skill level 5 in Short Blades
  6125 | D:6      | Reached XP level 9. HP: 33/65 MP: 7/15
  6132 | D:6      | HP: 3/65 [kobold/+1 dagger of distortion (20)]
  6217 | D:6      | Reached * piety under Makhleb
  6554 | D:6      | Identified the ring "Emaramul" {Ice +Blink rElec Str-2
                  | Int-5}
  6574 | D:6      | Reached skill level 5 in Spellcasting
  7071 | D:7      | Reached skill level 5 in Fighting
  7238 | D:7      | Noticed Menkaure
  7288 | D:7      | Killed Menkaure
  7288 | D:7      | Reached ** piety under Makhleb
  7662 | D:7      | Found a bloodstained altar of Trog.
  7663 | D:7      | Found a sparkling altar of Nemelex Xobeh.
  7823 | D:8      | Reached XP level 10. HP: 69/74 MP: 14/18
  7919 | D:8      | Found a transporter.
  7960 | D:8      | Found Ozyong's Assorted Antiques.
  8101 | D:8      | You fall into a shaft and drop 1 floor!
  8147 | D:9      | Reached skill level 10 in Hexes
  8558 | D:9      | Found a shimmering blue altar of Sif Muna.
  9043 | D:9      | Reached *** piety under Makhleb
  9190 | D:9      | Identified the +6 flail "Juppek" {drain, rElec rPois}
  9501 | D:9      | Noticed a two-headed ogre
  9514 | D:9      | HP: 15/76 [two-headed ogre/+0 giant club (15)]
  9973 | D:8      | Noticed a two-headed ogre
  9982 | D:8      | Killed a two-headed ogre
 10037 | D:8      | Found a transporter.
 10111 | D:8      | Found a bloodstained altar of Trog.
 10119 | D:8      | Noticed a two-headed ogre
 10121 | D:8      | Noticed a moth of wrath
 10180 | D:8      | Noticed hikkokomori's ghost (novice DrCj)
 10299 | D:9      | Killed a two-headed ogre
 10300 | D:9      | Reached XP level 11. HP: 73/83 MP: 18/21
 10750 | D:9      | Found a shimmering blue altar of Sif Muna.
 10938 | D:10     | Entered Level 10 of the Dungeon
 11007 | D:10     | Reached skill level 1 in Invocations
 11342 | D:9      | Reached skill level 1 in Ice Magic
 11398 | D:10     | Found a basalt altar of Yredelemnul.
 11645 | D:10     | Noticed a two-headed ogre
 11646 | D:10     | Identified the amulet of Zuics {Acrobat rPois rF- rC+++
                  | Int+4}
 11651 | D:10     | Killed a two-headed ogre
 11791 | D:10     | Found a staircase to the Orcish Mines.
 12225 | D:11     | Reached **** piety under Makhleb
 12382 | D:11     | Noticed a two-headed ogre
 12394 | D:11     | Killed a two-headed ogre
 12460 | D:11     | Acquired the +2 pair of gloves of the Hurricane {rF+ rC-
                  | Regen+ Str+3}
 12479 | D:11     | Found Tofeogud's General Store.
 12577 | D:11     | Noticed Maurice
 12586 | D:11     | Killed Maurice
 12758 | D:11     | Found a staircase to the Lair.
 12875 | D:11     | Noticed a tengu warrior
 12943 | D:11     | Killed a tengu warrior
 12970 | D:11     | Noticed a purple ugly thing
 13076 | D:11     | Learned a level 4 spell: Summon Ice Beast
 13083 | D:11     | Noticed a two-headed ogre
 13095 | D:11     | Noticed a purple ugly thing
 13144 | D:11     | Killed a purple ugly thing
 13154 | D:11     | Killed a purple ugly thing
 13242 | D:11     | Noticed a tengu warrior
 13249 | D:11     | Noticed a centaur warrior
 13277 | D:11     | Killed a centaur warrior
 13278 | D:11     | Reached XP level 12. HP: 87/92 MP: 21/24
 13518 | D:11     | Killed a tengu warrior
 13519 | D:11     | Reached skill level 5 in Ice Magic
 13543 | D:11     | Learned a level 3 spell: Spider Form
 13583 | D:11     | Killed a two-headed ogre
 14080 | D:11     | Reached skill level 1 in Transmutations
 14224 | Lair:1   | Entered Level 1 of the Lair of Beasts
 14229 | Lair:1   | Reached skill level 1 in Evocations
 14499 | Lair:1   | Reached ***** piety under Makhleb
 15023 | Lair:1   | Reached skill level 5 in Transmutations
 15040 | Lair:1   | Noticed a catoblepas
 15040 | Lair:1   | Noticed a seven-headed hydra
 15086 | Lair:1   | Killed a seven-headed hydra
 15087 | Lair:1   | Reached skill level 5 in Evocations
 15143 | Lair:1   | Killed a catoblepas
 15144 | Lair:1   | Reached skill level 1 in Poison Magic
 15381 | Lair:2   | Reached XP level 13. HP: 99/99 MP: 26/26
 15584 | Lair:2   | Noticed Prince Ribbit
 16597 | Lair:2   | Killed Prince Ribbit
 16780 | Lair:2   | Reached skill level 5 in Armour
 17544 | Lair:3   | Reached skill level 1 in Fire Magic
 17552 | Lair:3   | Found a staircase to the Snake Pit.
 17953 | Lair:3   | Found a staircase to the Shoals.
 19002 | Lair:3   | Learned a level 4 spell: Olgreb's Toxic Radiance
 19495 | Lair:5   | Entered Level 5 of the Lair of Beasts
 19623 | Lair:5   | Reached skill level 10 in Spellcasting
 19625 | Lair:5   | Reached XP level 14. HP: 109/109 MP: 7/28
 20023 | Lair:5   | Reached skill level 10 in Fighting
 20258 | Lair:5   | Reached skill level 5 in Fire Magic
 20323 | Lair:5   | Reached skill level 1 in Summonings
 20354 | Lair:5   | Reached skill level 2 in Summonings
 20464 | Lair:5   | Reached skill level 3 in Summonings
 20478 | Lair:5   | Reached ****** piety under Makhleb
 20541 | Lair:5   | Reached skill level 4 in Summonings
 20925 | Lair:5   | Reached skill level 5 in Summonings
 20956 | Lair:5   | Reached skill level 1 in Conjurations
 21043 | Lair:5   | Found a staircase to the Slime Pits.
 21044 | Lair:5   | Found a viscous altar of Jiyva.
 21870 | Lair:5   | Learned a level 4 spell: Flame Wave
 22082 | Lair:5   | Got the Commentary on the Entourage
 22179 | Lair:5   | Found the +8 demon blade "Leech" {vamp, Harm Drain rN+}
 22254 | Lair:5   | HP: 19/96 [spectral dire elephant (2)]
 22283 | Lair:5   | HP: 18/91 [spectral dire elephant (14)]
 22750 | Lair:5   | HP: 17/94 [dire elephant (30)]
 23307 | Temple   | Upgraded the game from 0.30-a0-358-g0d69a1922f to
                  | 0.30-a0-359-gd0147acb1a
 23460 | D:12     | Found a runed translucent door.
 24219 | D:12     | HP: 22/110 [very large slime creature (35)]
 24415 | D:12     | Identified the ring "Ruzxuf" {Ice Str+4 Dex+4}
 24631 | D:12     | Reached XP level 15. HP: 115/115 MP: 21/29
 24789 | Orc:1    | Entered Level 1 of the Orcish Mines
 24808 | Orc:1    | You fall into a shaft and drop 1 floor!
 24808 | Orc:2    | Entered Level 2 of the Orcish Mines
 24810 | Orc:2    | Noticed Saint Roka
 24834 | Orc:2    | Reached skill level 6 in Summonings
 25148 | Orc:2    | Found a staircase to the Elven Halls.
 25357 | Orc:2    | HP: 12/115 [Saint Roka/bolt (34)]
 25404 | Orc:1    | Learned a level 3 spell: Teleport Other
 25623 | Orc:1    | Killed Saint Roka
 26838 | D:1      | Bought a smouldering long sword for 212 gold pieces
 26838 | D:1      | Identified the +9 long sword of Duty {drain, Str+2 Int+2
                  | Dex+4} (You bought it in a shop on level 1 of the Dungeon)
 27019 | D:8      | Bought a scroll of teleportation for 75 gold pieces
 27019 | D:8      | Bought a runed arbalest for 187 gold pieces
 27019 | D:8      | Bought a tubular jade ring for 125 gold pieces
 27136 | D:11     | Bought a book of Lightning for 494 gold pieces
 27301 | D:5      | Bought a manual of Evocations for 880 gold pieces
 27498 | Orc:1    | Reached skill level 7 in Summonings
 27625 | Orc:2    | Reached skill level 1 in Air Magic
 27860 | Orc:2    | Gained mutation: Armour fits poorly on your strangely
                  | shaped body. [a neqoxec]
 27998 | Orc:2    | HP: 20/115 [orc priest/divine providence (10)]
 28000 | Orc:2    | HP: 6/115 [orc priest/divine providence (13)]
 28007 | Orc:2    | HP: 20/115 [orc priest/divine providence (13)]
 28296 | Orc:2    | Found Messel's General Store.
 28297 | Orc:2    | Found Woagyka's Book Emporium.
 28300 | Orc:2    | Found Pohurchi's Antique Armour Shoppe.
 28300 | Orc:2    | Found Libenwann's Antique Weapon Shoppe.
 28416 | Orc:2    | Bought 2 potions of curing for 60 gold pieces
 28416 | Orc:2    | Bought 3 scrolls of teleportation for 90 gold pieces
 28423 | Orc:2    | Learned a level 5 spell: Arcjolt
 29046 | Temple   | Learned a level 5 spell: Lightning Bolt
 29232 | D:13     | Found a gate leading to a gauntlet.
 29241 | Gauntlet | Entered a Gauntlet
 29241 | Gauntlet | Found a transporter.
 29241 | Gauntlet | Found a transporter.
 29241 | Gauntlet | Found a transporter.
 29244 | Gauntlet | Found a transporter.
 29245 | Gauntlet | Found a transporter.
 29245 | Gauntlet | Found a transporter.
 29262 | Gauntlet | Found a transporter.
 29266 | Gauntlet | Found a transporter.
 29279 | Gauntlet | Found a transporter.
 29279 | Gauntlet | Found a transporter.
 29298 | Gauntlet | Found a transporter.
 29298 | Gauntlet | Found a transporter.
 29717 | Gauntlet | Identified the ring "Cubinyud" {rElec rCorr EV+4 Slay+3}
 29883 | Gauntlet | Identified the +2 pair of gloves of Joy {rC+ rN+ Dex+4}
 29955 | Gauntlet | Identified the +0 ring mail of the Nexus {Rampage rElec
                  | rCorr Stlth-}
 30021 | Gauntlet | Got Sif Muna's Anthology of Beguiling
 30587 | D:13     | Found a runed translucent gate.
 30587 | D:13     | Identified the +2 plate armour of the Present {rElec rN+
                  | Dex-2}
 30588 | D:13     | Found a runed translucent gate.
 30588 | D:13     | Found a runed translucent gate.
 30588 | D:13     | Noticed sirJeffrey23's ghost (journeyman FoFi)
 30775 | D:13     | Reached skill level 5 in Conjurations
 31266 | D:14     | Reached skill level 1 in Shields
 31526 | D:14     | Noticed Louise
 31560 | D:14     | Killed Louise
 31568 | D:14     | Identified the +2 leather armour of a Labyrinth {-Cast Fly
                  | rPois}
 31709 | D:14     | Noticed Snorg
 31733 | D:14     | Killed Snorg
 31734 | D:14     | Reached skill level 8 in Summonings
 31945 | D:14     | Noticed Nessos
 31988 | D:14     | Killed Nessos
 32194 | D:14     | Found a gate to the Vaults.
 32379 | D:14     | Found a gate to the Vaults.
 33018 | D:15     | Entered Level 15 of the Dungeon
 33030 | D:15     | Reached XP level 16. HP: 122/122 MP: 26/30
 33182 | D:15     | Reached skill level 5 in Air Magic
 33390 | D:15     | Found a staircase to the Depths.
 34110 | D:15     | Found a staircase to the Depths.
 34698 | Snake:1  | Entered Level 1 of the Snake Pit
 36007 | Snake:2  | Reached skill level 5 in Shields
 36106 | Snake:2  | Reached skill level 9 in Summonings
 36106 | Snake:2  | Reached skill level 10 in Evocations
 36464 | Snake:2  | Reached skill level 10 in Summonings
 36870 | Snake:2  | Reached skill level 10 in Short Blades
 38547 | Snake:3  | HP: 21/122 [naga ritualist/Olgreb's Toxic Radiance (5)]
 38549 | Snake:3  | HP: 10/122 [naga ritualist/Olgreb's Toxic Radiance (4)]
 38554 | Snake:3  | HP: 24/122 [poisoned by a naga ritualist (toxic radiance)]
 38559 | Snake:3  | HP: 13/122 [poisoned by a naga ritualist (toxic radiance)]
 38565 | Snake:3  | HP: 15/122 [poisoned by a naga ritualist (toxic radiance)]
 38571 | Snake:3  | HP: 22/122 [poisoned by a naga ritualist (toxic radiance)]
 38807 | Snake:3  | Reached skill level 11 in Summonings
 38857 | Snake:3  | Learned a level 6 spell: Summon Cactus Giant
 39501 | Snake:3  | Reached XP level 17. HP: 128/128 MP: 17/32
 40406 | Snake:4  | Entered Level 4 of the Snake Pit
 40496 | Snake:4  | Learned a level 3 spell: Ignite Poison
 40764 | Snake:4  | Found a shimmering altar of Xom.
 41020 | Snake:4  | Reached skill level 10 in Armour
 41021 | Snake:4  | Found a large runed translucent door.
 41021 | Snake:4  | Found a large runed translucent door.
 41045 | Snake:4  | HP: 21/128 [naga warrior/+0 battleaxe (17)]
 41047 | Snake:4  | Reached skill level 12 in Summonings
 41758 | Snake:4  | Found Lidadod's Book Boutique.
 41940 | Snake:4  | Found Wiebah's Jewellery Shop.
 42024 | Snake:4  | Noticed DeathPants's ghost (adept AtMo)
 42173 | Snake:4  | Reached skill level 13 in Summonings
 43255 | Snake:4  | HP: 24/128 [constriction (2)]
 43372 | Snake:4  | HP: 23/128 [poisoned by a nagaraja (poison arrow)]
 43377 | Snake:4  | HP: 20/128 [poisoned by a nagaraja (poison arrow)]
 43382 | Snake:4  | HP: 25/128 [poisoned by a nagaraja (poison arrow)]
 44050 | Snake:4  | Reached skill level 14 in Summonings
 44056 | Snake:4  | Noticed a quicksilver dragon
 44075 | Snake:4  | HP: 22/128 [quicksilver dragon (12)]
 44152 | Snake:4  | Noticed a quicksilver dragon
 44248 | Snake:4  | Killed a quicksilver dragon
 44720 | Snake:4  | HP: 24/128 [poisoned by a nagaraja (bolt of poison)]
 44722 | Snake:4  | HP: 3/128 [nagaraja/poison arrow (17)]
 44723 | Snake:3  | Succumbed to a nagaraja's poison arrow

Illustrated notes

Levels and vault maps discovered:
D:1:      psy_arrival_basics, layout_basic, serial_shops, nicolae_shop_trees
D:2:      layout_loops_cross, serial_undead, serial_undead_d, serial_undead_c,
          serial_undead_c, serial_undead_b, serial_undead_e, serial_undead_a,
          minmay_close_crescents, uniq_crazy_yiuf_cottage, uniq_robin,
          uniq_natasha
D:3:      layout_loops_ring, mainiacjoe_overflow_alcove_4, lemuel_round_altar,
          worldfamousw_hep_ancestral_shrine
D:4:      kennysheep_the_goblin_king, layout_basic,
          minmay_temple_entry_large_hall, portal_sewer_entry_f
D:5:      layout_rooms, xom_confusion_cloud, pdpol_wu_jian_five_deadly_venoms,
          minmay_misc_feat_pillars, kennysheep_big_empty_room,
          nicolae_shop_vocational
D:6:      layout_rooms, slow_altar_1, mainiacjoe_overflow_catwalk,
          enter_ossuary_3, uniq_edmund, uniq_grinder
D:7:      kennysheep_spiral_hall, layout_basic,
          grunt_temple_overflow_forces_of_nature,
          gammafunk_temple_overflow_statue, uniq_menkaure
D:8:      layout_loops_ring, mainiacjoe_overflow_surrounded_room,
          gammafunk_ghost_wrathful_warriors, serial_shops, shop_statue,
          minmay_small_thing
D:9:      layout_irregular_city, kennysheep_little_box,
          nicolae_straight_to_the_point
D:10:     layout_gridville, overflow_temple_1_default, orc_0_dummy
D:11:     minmay_the_grid_octo_tiled_squarecenter_mashed
          [minmay_the_grid_octo_fat_diamond, minmay_the_grid_octo_pinwheel,
          minmay_the_grid_octo_clover_2, minmay_the_grid_octo_tetromino_candy,
          minmay_the_grid_square_5x5_megaprize_diamond,
          minmay_the_grid_square_5x5_empty,
          minmay_the_grid_square_5x5_checkered_statues,
          minmay_the_grid_square_5x5_slash,
          minmay_the_grid_square_5x5_three_small], layout_cave_pods,
          serial_shops, shop, uniq_maurice
D:12:     layout_irregular_city, hangedman_decor_opposing,
          lightli_church_of_beogh
D:13:     layout_long_grid, biasface_ghost_orc_armoury, gauntlet_entry_generic,
          hellmonk_bongcloud_opening, nicolae_underground_beach
D:14:     layout_roguey, lightli_vaults_fourway_checkpoint,
          ebering_dispersal_statue_hall, uniq_snorg, uniq_nessos, uniq_louise
D:15:     gammafunk_depths_entry_grave, layout_long_grid,
          minmay_misc_feat_nine_boxes
Temple:   hellmonk_temple_beads
Lair:1:   layout_long_grid, hangedman_lair_generics_rect
Lair:2:   layout_misc_corridors, grunt_forest_small_clearing_treed,
          lemuel_fruit_fields, uniq_prince_ribbit2
Lair:3:   layout_chaotic_city, elwin_shoals_entry_rocks, dummy_snake_entry,
          dreamdust_mushroom_princess
Lair:4:   layout_small_grid
Lair:5:   due_jungle_book, layout_cave_pods, slime_entry_1, serial_bayou_ford_a,
          minmay_lindwurm_lava
Snake:1:  layout_layer_cave
Snake:2:  layout_basic
Snake:3:  layout_onion_interference, st_stairs_14
Snake:4:  hellmonk_snake_rune_quicksilver_temple, layout_layer_cave,
          basic_altar, ebering_ghost_disaster_area, minmay_shoptagon
Orc:1:    layout_caves
Orc:2:    st_orc_congregation, layout_diamond_mine, uniq_saint_roka

Skill      XL: |  1  2  3  4  5  6  7  8  9 10 11 12 13 14 15 16 17 |
---------------+----------------------------------------------------+-----
Fighting       | 1 2 3 5 6 7 8 9 10 | 10.1
Hexes          | 5 6 7 8 9 11 12 13 | 13.0
Short Blades   | 2 3 4 5 6 7 9 10 | 10.0
Stealth        | 5 6 7 8 |  8.0
Dodging        | 3 4 5 6 8 |  8.1
Spellcasting   | 3 4 5 6 8 9 10 11 | 11.1
Armour         | 1 2 3 6 7 8 9 10 | 10.0
Invocations    | 3 4 |  4.0
Ice Magic      | 4 5 |  5.0
Transmutations | 5 |  5.0
Evocations     | 5 8 10 | 10.0
Poison Magic   | 1 4 |  4.0
Fire Magic     | 3 5 |  5.0
Summonings     | 5 8 11 14 | 14.1
Conjurations   | 3 5 |  5.0
Air Magic      | 4 5 |  5.0
Shields        | 3 5 |  5.0

Action                   |  1- 3 |  4- 6 |  7- 9 | 10-12 | 13-15 | 16-18 || total
-------------------------+-------+-------+-------+-------+-------+-------++-------
Melee: Dagger            |    86 |   158 |   281 |       |       |       ||   525
       Bite              |     3 |    17 |    53 |   154 |   409 |   166 ||   802
       Punch             |       |     3 |     3 |    19 |    41 |       ||    66
       Short sword       |       |       |   145 |   900 |  1501 |       ||  2546
       Knife             |       |       |       |       |   305 |   970 ||  1275
       Long sword        |       |       |       |       |   298 |    62 ||   360
 Fire: Arbalest          |       |       |       |       |     5 |       ||     5
Throw: Dart              |       |       |     1 |       |     4 |     4 ||     9
 Cast: Ensorcelled Hiber |     4 |    18 |    64 |    40 |   122 |    43 ||   291
       Confusing Touch   |       |     2 |    21 |    70 |   180 |   195 ||   468
       Summon Ice Beast  |       |       |       |     4 |     5 |       ||     9
       Olgreb's Toxic Ra |       |       |       |       |     8 |       ||     8
       Flame Wave        |       |       |       |       |     5 |       ||     5
       Swiftness         |       |       |       |       |     8 |     9 ||    17
       Teleport Other    |       |       |       |       |     3 |       ||     3
       Summon Cactus Gia |       |       |       |       |       |     5 ||     5
       Lightning Bolt    |       |       |       |       |       |     4 ||     4
       Arcjolt           |       |       |       |       |       |     2 ||     2
       Ignite Poison     |       |       |       |       |       |     1 ||     1
 Abil: Exsanguinate      |       |       |       |       |     1 |       ||     1
       Revivify          |       |       |       |       |     1 |       ||     1
Evoke: Wand              |       |       |       |       |     7 |     7 ||    14
       Lightning rod     |       |       |       |       |     4 |     4 ||     8
       Phantom mirror    |       |       |       |       |     1 |       ||     1
       Tin of tremorston |       |       |       |       |       |     2 ||     2
  Use: Scroll            |       |       |    21 |     8 |    11 |     7 ||    47
       Potion            |       |       |     3 |     1 |     6 |     6 ||    16
 Stab: Sleeping          |    13 |    20 |    40 |    34 |    83 |    22 ||   212
       Confused          |       |     3 |    18 |    81 |   206 |   187 ||   495
       Distracted        |       |       |     1 |     1 |     2 |     1 ||     5
Armor: Robe              |    18 |    34 |       |       |       |       ||    52
       Leather armour    |       |     1 |   101 |   128 |       |   155 ||   385
       Troll leather arm |       |       |       |    34 |   386 |    26 ||   446
Dodge: Dodged            |    55 |    87 |   326 |   623 |  1499 |   814 ||  3404
Block: Buckler           |       |       |       |       |    33 |   142 ||   175
       Kite shield       |       |       |       |       |       |   159 ||   159
       Reflection        |       |       |       |       |       |    18 ||    18

Table legend: (Time is in decaauts)
 A = Elapsed time spent in this place.
 B = Non-inter-level travel time spent in this place.
 C = Inter-level travel time spent in this place.
 D = Time resting spent in this place.
 E = Time spent auto-exploring this place.
 F = Levels seen in this place.
 G = Mean time per level.
                   A        B        C        D        E       F      G
               +--------+--------+--------+--------+--------+-----+--------+
         Total |  43213 |  38544 |   4669 |   4725 |  17779 |  29 | 1490.1 |
       Dungeon |  20448 |  17024 |   3424 |   1706 |   9830 |  15 | 1363.2 |
        Temple |    717 |    595 |    122 |    125 |    111 |   1 |  717.0 |
          Lair |   8299 |   7731 |    568 |    847 |   3949 |   5 | 1659.8 |
     Snake Pit |   9176 |   8825 |    351 |   1599 |   2643 |   4 | 2294.0 |
  Orcish Mines |   3124 |   2922 |    202 |    263 |    918 |   2 | 1562.0 |
         Sewer |    586 |    586 |      0 |      6 |    327 |   1 |  586.0 |
      Gauntlet |    860 |    860 |      0 |    178 |      0 |   1 |  860.0 |
               +--------+--------+--------+--------+--------+-----+--------+

Top non-repeatable levels by time:
 Snake:4: 3360 daAuts
  Lair:5: 2901 daAuts
     D:9: 2536 daAuts
 Snake:3: 2333 daAuts
 Snake:2: 2283 daAuts
   Orc:2: 2174 daAuts
    D:11: 2028 daAuts
  Lair:2: 1820 daAuts
    D:14: 1689 daAuts
    D:10: 1650 daAuts
    D:15: 1494 daAuts
     D:4: 1436 daAuts
     D:6: 1355 daAuts
  Lair:1: 1354 daAuts
  Lair:3: 1217 daAuts
